 Dungeon Crawl Stone Soup version 0.31-a0-1626-g5cb510d322 (webtiles) character file.

Game seed: 6509150401257159077

16085 seren the Nimble (level 12, -19/85 HPs)
             Began as a Djinni Hedge Wizard on Jan 12, 2024.
             Was an Elder of Makhleb.
             Demolished by a pharaoh ant (35 damage)
             ... on level 2 of the Lair of Beasts.
             The game lasted 01:25:00 (12769 turns).

seren the Nimble (Djinni Hedge Wizard)             Turns: 12769, Time: 01:25:00

Health: -19/85     AC: 14    Str:  6    XL:     12   Next: 65%
Gold:   50         EV: 16    Int: 27    God:    Makhleb [****..] SH:  0 Dex: 15

rFire   + + .        b - +7 sling "Rummage" {elec, rN+ Str-3 Dex+2}
rCold   . . .        (no shield)
rNeg    + + +        K - +0 steam dragon scales
rPois   ∞            J - +2 helmet {SInv}
rElec   .            (no cloak)
rCorr   .            u - +1 pair of gloves "Seophiub" {rN++}
SInv    +            (boots unavailable)
Will    +....        Z - amulet of the acrobat
Stlth   ++++         S - +4 ring of protection
HPRegen 0.34/turn    i - ring "Cuavvia" {Fly rC+ Int+6 Stlth+}
MPRegen 0.00/turn

%: acrobat, infuse magic (-20 HP)
@: flying
A: sickness immunity, fire resistance 2, cold vulnerability 1, float, innate
caster, HP casting, extra vitality 1
a: Renounce Religion, Minor Destruction, Lesser Servant of Makhleb, Major
Destruction


You were on level 2 of the Lair of Beasts.
You worshipped Makhleb.
Makhleb was greatly pleased with you.
You visited 3 branches of the dungeon, and saw 14 of its levels.
You also visited: Bailey.

You collected 614 gold pieces.
You spent 564 gold pieces at shops.

Inventory:

Hand Weapons
 b - the +7 sling "Rummage" (weapon) {elec, rN+ Str-3 Dex+2}
   (You found it on level 6 of the Dungeon)

   Str-3:     It affects your strength (-3).
   Dex+2:     It affects your dexterity (+2).
   rN+:       It protects you from negative energy.
 o - a +2 whip of venom
 C - the +5 mace "Xoogannu" {freeze, Fly rElec Dex-3}
   (You found it on level 5 of the Dungeon)

   Dex-3:     It affects your dexterity (-3).
   rElec:     It insulates you from electricity.
   Fly:       It grants you flight.
Missiles
 e - 4 throwing nets {!f}
 w - 3 boomerangs
Armour
 f - a +1 robe of willpower
 u - the +1 pair of gloves "Seophiub" (worn) {rN++}
   (You found it on level 4 of the Dungeon)

   rN++:      It greatly protects you from negative energy.
 J - a +2 helmet of see invisible (worn)
 K - +0 steam dragon scales (worn)
 R - the +0 robe of the Impish Were-rabbit {rElec rPois Str-4 Dex+2}
   (You bought it in a shop on level 8 of the Dungeon)

   Str-4:     It affects your strength (-4).
   Dex+2:     It affects your dexterity (+2).
   rElec:     It insulates you from electricity.
   rPois:     It protects you from poison
Magical Staves
 a - a staff of cold
Jewellery
 i - the ring "Cuavvia" (right hand) {Fly rC+ Int+6 Stlth+}
   (You found it in a bailey)

   [ring of intelligence]

   Int+6:     It affects your intelligence (+6).
   rC+:       It protects you from cold.
   Fly:       It grants you flight.
   Stlth+:    It makes you more stealthy.
 p - an amulet of regeneration
 q - a +5 ring of evasion
 S - a +4 ring of protection (left hand)
 Z - an amulet of the acrobat (around neck)
Wands
 v - a wand of light (11)
 z - a wand of digging (4)
 H - a wand of iceblast (19)
 N - a wand of charming (7)
 V - a wand of mindburst (9)
Scrolls
 c - a scroll of silence
 j - a scroll of blinking {unknown}
 m - a scroll of torment {unknown}
 r - 6 scrolls of teleportation {!r}
 y - a scroll of fear
 E - a scroll of noise {unknown}
 F - a scroll of immolation {unknown}
 I - a scroll of summoning {unknown}
 P - a scroll of fog {unknown}
 Q - a scroll of poison
 U - a scroll of vulnerability {unknown}
Potions
 d - a potion of haste {unknown}
 g - 2 potions of lignification
 h - 2 potions of brilliance
 k - 6 potions of curing
 l - 2 potions of enlightenment
 n - 2 potions of mutation {unknown}
 s - a potion of degeneration {unknown}
 t - a potion of magic {unknown}
 A - a potion of heal wounds {unknown}
 B - 10 potions of ambrosia
 D - a potion of invisibility {unknown}
 G - 3 potions of might {unknown}
Miscellaneous
 x - a lightning rod (4/4)
 O - a phial of floods


   Skills:
 + Level 7.0 Fighting
 - Level 7.0 Ranged Weapons
 + Level 9.0 Dodging
 - Level 4.0 Stealth
 + Level 8.8 Spellcasting
 + Level 8.8 Conjurations
 + Level 8.8 Hexes
   Level 0.0 Charms
 + Level 8.8 Summonings
 + Level 8.8 Necromancy
 + Level 8.8 Translocations
   Level 0.0 Transmutations
 + Level 8.8 Fire Magic
 + Level 8.8 Ice Magic
 + Level 8.8 Air Magic
 + Level 8.8 Earth Magic
 + Level 8.8 Alchemy
 + Level 7.0 Invocations
 - Level 6.0 Evocations


You knew the following spells:

 Your Spells              Type           Power      Damage    Failure   Level
a - Magic Dart            Conj           100%       1d8       1%          1
b - Slow                  Hex            100%       N/A       1%          1
c - Blink                 Tloc           100%       N/A       1%          2
d - Call Imp              Summ           100%       N/A       1%          2
e - Mephitic Cloud        Conj/Alch/Air  56%        N/A       1%          3
f - Freeze                Ice            100%       1d10      1%          1
g - Searing Ray           Conj           100%       2d8       1%          2
h - Static Discharge      Conj/Air       100%       3-8/arc   1%          2
i - Fugue of the Fallen   Necr           56%        N/A       1%          3
j - Arcjolt               Conj/Air       28%        1d38      3%          5
Your spell library was empty.

Dungeon Overview and Level Annotations

Branches:
Dungeon (10/15)            Temple (1/1) D:7            Lair (3/5) D:8
 Shoals (0/4) Lair:2       Spider (0/4) Lair:2       Bailey (visited)
    Orc: D:9-12

Altars:
Ashenzari
Cheibriados
Dithmenos
Elyvilon
Fedhas
Gozag
Hepliaklqana
Makhleb
Nemelex Xobeh
Okawaru
Qazlal
Ru
Trog
Uskayaw
Wu Jian
Xom
Yredelemnul
Zin
The Shining One

Shops:
D:1 *   D:7 ?**   D:8 ?*[

Annotations:
D:3 3 runed translucent doors only rocks, Nattefrost's ghost, amateur BaGl
D:4 area with ogre
Lair:1 exclusion: downstairs
Lair:2 exclusion: skyshark


Innate Abilities, Weirdness & Mutations

You are immune to sickness and miasma.
You are immune to poison.
Your flesh is very heat resistant. (rF++)
You are vulnerable to cold. (rC-)
You float through the air rather than walking.
You learn spells naturally, not from books.
Your magical power is your life essence.
You have superior vitality. (+4 MHP)


Message History

You start resting.
HP restored.
There is a stone staircase leading up here.
Found a tapered gold wand.
z - a wand of digging (4)
Press: ? - help, v - describe, . - travel
Here: a pharaoh ant (wandering, hasn't noticed you)
The floor.
You shoot a sling bullet.
The sling bullet closely misses the pharaoh ant.
The pharaoh ant gives a chilling moan.
You shoot a sling bullet. The sling bullet hits the pharaoh ant!
Lightning courses through the pharaoh ant!
The pharaoh ant is severely damaged.
You shoot a sling bullet. The sling bullet hits the pharaoh ant.
The pharaoh ant is severely damaged.
You shoot a sling bullet.
The sling bullet barely misses the pharaoh ant.
The pharaoh ant bites you!!
You shoot a sling bullet.
The sling bullet closely misses the pharaoh ant.
The pharaoh ant closely misses you.
You shoot a sling bullet. The sling bullet hits the pharaoh ant.
The pharaoh ant is severely damaged.
The pharaoh ant closely misses you.
You shoot a sling bullet. The sling bullet hits the pharaoh ant.
The pharaoh ant is severely damaged.
The pharaoh ant bites you!
* * * LOW HITPOINT WARNING * * *
The pharaoh ant misses you.
You shoot a sling bullet.
The sling bullet hits the pharaoh ant but does no damage.
The pharaoh ant is severely damaged.
The pharaoh ant misses you.
You shoot a sling bullet.
The sling bullet barely misses the pharaoh ant.
The pharaoh ant bites you!!
* * * LOW HITPOINT WARNING * * *
The pharaoh ant bites you!!
You die...

,,,*,,,,*,,,*,....######.#...####
,,**,,,,*#.........#.##.##...## #
*,,,,,,,,.....................# #
*,,,,,,,,.....................###
*,,,,,,,,........................
,,,,,,,,,........................
*,,,*,,^,.........*#.............
**,,,,,,*.......B###...###.....#.
**,**,,,*,,,#...@................
,,,,*,,,,,,,#..................#.
,,,,,,,,,........................
,,,,,,,,,....................<...
,,,,,,,,,........................
,****,*,*#.##....................
** *****#*,##.........P......#..
***##.......P........##
**#.###.####.#.###


You could see a pharaoh ant.

Vanquished Creatures
  A hydra (Lair:2)
  Erica (Lair:2)
  A black mamba (Lair:2)
  2 cane toads
  An unseen horror (D:10)
  5 komodo dragons
  An unseen horror zombie (D:7)
  A rime drake (Lair:2)
  A queen bee (Lair:1)
  A troll (D:8)
  A hornet (D:7)
  A jumping spider (Lair:2)
  4 yaks
  A wyvern (D:9)
  4 steam dragons
  2 basilisks
  Grum (Bailey)
  2 acid dragons (D:8)
  11 water moccasins
  An orc warrior (D:9)
  A black bear (D:4)
  3 ice beasts
  11 wolves
  2 ogres
  7 centaurs
  2 phantoms
  11 bullfrogs
  A wyvern zombie (D:7)
  7 gnoll sergeants (Bailey)
  4 scorpions
  2 jellies
  31 wights
  24 killer bees
  A howler monkey (D:4)
  A centaur zombie (D:7)
  11 hounds
  7 gnoll boudas
  7 orc priests
  A bombardier beetle (D:5)
  7 sleepcaps
  Jessica (D:3)
  2 iguanas
  9 orc wizards
  A killer bee zombie (D:7)
  2 howler monkey zombies (D:7)
  8 adders
  18 gnolls
  3 shadow imps
  A white imp (D:8)
  4 dart slugs
  2 ribbon worms
  37 orcs
  5 endoplasms
  2 giant cockroaches
  11 goblins
  10 hobgoblins
  2 jackals (D:1)
  2 kobolds
  4 quokkas
  7 ball pythons
  7 bats
  2 frilled lizards
  5 rats
329 creatures vanquished.

Vanquished Creatures (collateral kills)
  An orc priest (D:5)
  A sleepcap (D:4)
  A ribbon worm (D:3)
  3 orcs
6 creatures vanquished.

Vanquished Creatures (others)
  2 electric eels (D:8)
2 creatures vanquished.

Grand Total: 337 creatures vanquished

Notes
Turn   | Place    | Note
-------+----------+-------------------------------------------
     0 | D:1      | seren the Djinni Hedge Wizard began the quest for the Orb.
     0 | D:1      | seren set off with the following spells memorised: Magic
                  | Dart, Slow, Blink, Call Imp, Mephitic Cloud.
     0 | D:1      | Reached XP level 1. HP: 15/15 MP: 0/0
   142 | D:1      | Reached XP level 2. HP: 11/21 MP: 0/0
   655 | D:1      | Found Honuarar's General Store.
   901 | D:2      | Reached XP level 3. HP: 23/25 MP: 0/0
   901 | D:2      | Learned a level 1 spell: Freeze
  1366 | D:3      | Found a hide-covered altar of Uskayaw.
  1421 | D:3      | Reached skill level 3 in Dodging
  1421 | D:3      | Reached XP level 4. HP: 26/31 MP: 0/0
  1733 | D:3      | Reached skill level 1 in Fighting
  1772 | D:3      | Noticed Jessica
  1796 | D:3      | Killed Jessica
  1897 | D:3      | Found a sacrificial altar of Ru.
  1972 | D:3      | Found a runed translucent gate.
  1972 | D:3      | Found a runed translucent gate.
  1972 | D:3      | Found a runed translucent gate.
  1972 | D:3      | Noticed Nattefrost's ghost (amateur BaGl)
  2016 | D:3      | Reached XP level 5. HP: 31/37 MP: 0/0
  2016 | D:3      | Learned a level 2 spell: Searing Ray
  2050 | D:4      | Identified the +1 pair of gloves "Seophiub" {rN++}
  2189 | D:4      | Reached XP level 6. HP: 43/43 MP: 0/0
  2222 | D:4      | Reached skill level 4 in Dodging
  2580 | D:4      | Found a large runed translucent door.
  2581 | D:4      | Found a large runed translucent door.
  2610 | D:4      | Found a large runed translucent door.
  2610 | D:4      | Found a large runed translucent door.
  2880 | D:4      | Found the crystal ball of Wucad Mu {*channel}
  2947 | D:4      | Noticed a black bear
  3022 | D:4      | Noticed an ogre
  3041 | D:5      | Entered Level 5 of the Dungeon
  3092 | D:4      | Reached XP level 7. HP: 45/49 MP: 0/0
  3092 | D:4      | Learned a level 2 spell: Static Discharge
  3115 | D:5      | Noticed a water moccasin
  3212 | D:5      | Reached skill level 5 in Dodging
  3891 | D:5      | Identified the +5 mace "Xoogannu" {freeze, Fly rElec Dex-3}
  4084 | D:6      | Reached skill level 6 in Dodging
  4084 | D:6      | Reached skill level 5 in Spellcasting
  4084 | D:6      | Reached skill level 5 in Conjurations
  4084 | D:6      | Reached skill level 5 in Hexes
  4084 | D:6      | Reached skill level 5 in Summonings
  4084 | D:6      | Reached skill level 5 in Necromancy
  4084 | D:6      | Reached skill level 5 in Translocations
  4084 | D:6      | Reached skill level 5 in Fire Magic
  4084 | D:6      | Reached skill level 5 in Ice Magic
  4084 | D:6      | Reached skill level 5 in Air Magic
  4084 | D:6      | Reached skill level 5 in Earth Magic
  4084 | D:6      | Reached skill level 5 in Alchemy
  4084 | D:6      | Reached XP level 8. HP: 53/54 MP: 0/0
  4269 | D:6      | Reached skill level 1 in Evocations
  4436 | D:6      | Identified the +7 sling "Rummage" {elec, rN+ Str-3 Dex+2}
  4569 | D:6      | Reached XP level 9. HP: 61/61 MP: 0/0
  4569 | D:6      | Learned a level 3 spell: Fugue of the Fallen
  4666 | D:6      | Reached skill level 1 in Ranged Weapons
  4666 | D:6      | Reached skill level 7 in Dodging
  5297 | D:7      | Found Vuymnuli's Specific Store.
  5372 | D:7      | Found Wyroh's General Store.
  5416 | D:7      | Bought a scroll of identify for 24 gold pieces
  5529 | D:7      | Reached skill level 8 in Dodging
  5592 | D:7      | Reached XP level 10. HP: 64/69 MP: 0/0
  5856 | D:7      | Reached skill level 5 in Fighting
  6249 | D:7      | Found a staircase to the Ecumenical Temple.
  6255 | Temple   | Entered the Ecumenical Temple
  6279 | Temple   | Became a worshipper of Makhleb the Destroyer
  6444 | D:8      | Reached skill level 9 in Dodging
  6574 | D:8      | Found a staircase to the Lair.
  7084 | D:4      | Reached skill level 5 in Ranged Weapons
  7105 | D:4      | Reached * piety under Makhleb
  7623 | D:8      | Reached skill level 1 in Invocations
  7865 | D:8      | Reached XP level 11. HP: 68/75 MP: 0/0
  7865 | D:8      | Learned a level 5 spell: Arcjolt
  7941 | D:8      | Noticed a tengu warrior
  8014 | D:8      | Found Fena's Magic Scroll Shoppe.
  8152 | D:8      | Found Eveuluwa's Antique Armour Boutique.
  8160 | D:8      | Bought a twisted robe for 193 gold pieces
  8160 | D:8      | Identified the +0 robe of the Impish Were-rabbit {rElec
                  | rPois Str-4 Dex+2} (You bought it in a shop on level 8 of
                  | the Dungeon)
  8337 | D:8      | Found Vat Quy's Assorted Antiques.
  8359 | D:8      | Bought a scroll of identify for 48 gold pieces
  8558 | D:7      | Reached skill level 5 in Evocations
  8705 | D:8      | Found Rumnumuh's Distillery.
  8774 | D:8      | Bought a scroll of identify for 22 gold pieces
  8774 | D:8      | Bought a scroll of identify for 22 gold pieces
  8926 | D:9      | You are sucked into a shaft and drop 1 floor!
  8926 | D:10     | Entered Level 10 of the Dungeon
  9073 | D:9      | Found a flagged portal.
  9081 | D:9      | Reached ** piety under Makhleb
  9098 | Bailey   | Entered a bailey
  9469 | Bailey   | Identified the ring "Cuavvia" {Fly rC+ Int+6 Stlth+}
  9500 | Bailey   | Noticed Grum
  9521 | Bailey   | Killed Grum
 10057 | Lair:1   | Entered Level 1 of the Lair of Beasts
 10133 | Lair:1   | You are sucked into a shaft and drop 1 floor!
 10148 | Lair:2   | Noticed a skyshark
 10259 | Lair:2   | Noticed Erica
 10288 | Lair:2   | Noticed a seven-headed hydra
 10621 | Lair:1   | Reached *** piety under Makhleb
 10898 | Lair:1   | Reached XP level 12. HP: 83/83 MP: 0/0
 11210 | Lair:1   | Reached skill level 5 in Invocations
 11929 | Lair:2   | Killed a seven-headed hydra
 12210 | D:8      | Bought a runed helmet for 255 gold pieces
 12402 | Lair:3   | Noticed a four-headed hydra
 12516 | Lair:1   | Reached **** piety under Makhleb
 12552 | Lair:2   | Killed Erica
 12628 | Lair:2   | Noticed a pharaoh ant
 12769 | Lair:2   | Demolished by a pharaoh ant

Illustrated notes

Levels and vault maps discovered:
D:1:      dpeg_arrival_stone_temple_mockup, layout_basic, serial_shops, shop,
          solitary_fountain
D:2:      layout_rooms
D:3:      layout_rooms, mainiacjoe_overflow_catch_the_wave,
          ebering_ghost_rock_garden, uniq_jessica
D:4:      minmay_chambers_of_threes, layout_cave_pools, kennysheep_diamond,
          chequers_serial_rivers_small_a, minmay_hollow_rounded_squares
D:5:      layout_rooms
D:6:      cheibrodos_steamvent, layout_basic, kennysheep_generic_room_7
D:7:      layout_rooms, minmay_temple_entry_fiery, serial_undead,
          serial_undead_e, serial_undead_b, serial_undead_d, serial_undead_f,
          serial_undead_d, serial_undead_f, nicolae_specific_store
D:8:      layout_basic, erik_lair_island, serial_shops, nicolae_shop_trees,
          nicolae_shop_statue_plus, nicolae_shop_pleasant_corner_grove,
          nicolae_shop_industrial_runoff, kennysheep_island_fort
D:9:      layout_roguey, serial_rivers, chequers_serial_rivers_small_b,
          chequers_serial_rivers_micro_a, chequers_serial_rivers_small_a,
          chequers_serial_rivers_micro_b, enter_bailey_4, uniq_amaemon,
          uniq_harold
D:10:     layout_stronghold
Temple:   nicolae_temple_slightly_damp_pantheon
Lair:1:   layout_cave_pods, special_room [special_room_bee]
Lair:2:   layout_gridlike, mainiacjoe_shoals_entry_four_pools,
          nicolae_spider_entry_lesser_pyramids, minmay_holes, uniq_erica
Lair:3:   nzn_winding_woodlands_small [nzn_winding_woodlands_5x15_zeroes,
          nzn_winding_woodlands_center_pierced_h,
          nzn_winding_woodlands_5x15_crooked], layout_cave_pods,
          nicolae_volcano_entry_lava_flow, lemuel_fruit_fields,
          serial_bayou_shore_b

Skill      XL: |  1  2  3  4  5  6  7  8  9 10 11 12 |
---------------+-------------------------------------+-----
Stealth        | 2 3 4 |  4.0
Dodging        | 3 4 6 8 9 |  9.0
Fighting       | 1 2 3 4 5 6 7 |  7.0
Spellcasting   | 4 5 7 8 |  8.8
Conjurations   | 4 5 7 8 |  8.8
Hexes          | 4 5 7 8 |  8.8
Summonings     | 4 5 7 8 |  8.8
Necromancy     | 4 5 7 8 |  8.8
Translocations | 4 5 7 8 |  8.8
Fire Magic     | 4 5 7 8 |  8.8
Ice Magic      | 4 5 7 8 |  8.8
Air Magic      | 4 5 7 8 |  8.8
Earth Magic    | 4 5 7 8 |  8.8
Alchemy        | 4 5 7 8 |  8.8
Evocations     | 2 4 6 |  6.0
Ranged Weapons | 3 5 6 7 |  7.0
Invocations    | 1 4 7 |  7.0

Action                     |  1- 3 |  4- 6 |  7- 9 | 10-12 || total
---------------------------+-------+-------+-------+-------++-------
  Melee: Dagger            |     2 |       |       |       ||     2
         Whip              |     3 |    14 |    23 |       ||    40
         Punch             |       |       |     1 |       ||     1
         Staff             |       |       |     1 |       ||     1
   Fire: Sling             |       |       |    74 |   632 ||   706
   Cast: Magic Dart        |    80 |    71 |    21 |       ||   172
         Call Imp          |       |    12 |     6 |     5 ||    23
         Blink             |       |     1 |     5 |     2 ||     8
         Searing Ray       |       |    15 |    38 |    34 ||    87
         Slow              |       |       |    10 |     1 ||    11
         Mephitic Cloud    |       |       |     7 |    22 ||    29
         Freeze            |       |       |    30 |    43 ||    73
         Static Discharge  |       |       |     4 |     1 ||     5
         Fugue of the Fall |       |       |       |     1 ||     1
  Evoke: Wand              |       |       |       |    12 ||    12
    Use: Scroll            |       |     5 |     2 |    14 ||    21
   Stab: Sleeping          |       |     1 |       |       ||     1
 Armour: Robe              |    14 |    21 |    45 |       ||    80
         Steam dragon scal |       |       |    18 |   251 ||   269
  Dodge: Dodged            |    10 |    60 |   145 |   468 ||   683

Table legend: (Time is in decaauts)
 A = Elapsed time spent in this place.
 B = Non-inter-level travel time spent in this place.
 C = Inter-level travel time spent in this place.
 D = Time resting spent in this place.
 E = Time spent auto-exploring this place.
 F = Levels seen in this place.
 G = Mean time per level.
                   A        B        C        D        E       F      G
               +--------+--------+--------+--------+--------+-----+--------+
         Total |  12872 |  11480 |   1392 |    922 |   4183 |  15 |  858.1 |
       Dungeon |   9677 |   8494 |   1183 |    291 |   3481 |  10 |  967.7 |
        Temple |     56 |     47 |      9 |      0 |      0 |   1 |   56.0 |
          Lair |   2641 |   2441 |    200 |    631 |    690 |   3 |  880.3 |
        Bailey |    497 |    497 |      0 |      0 |     12 |   1 |  497.0 |
               +--------+--------+--------+--------+--------+-----+--------+

Top non-repeatable levels by time:
     D:8: 1936 daAuts
  Lair:1: 1832 daAuts
     D:4: 1594 daAuts
     D:6: 1443 daAuts
     D:7: 1192 daAuts
     D:3: 1006 daAuts
     D:1: 835 daAuts
     D:5: 772 daAuts
  Lair:2: 770 daAuts
  Bailey: 497 daAuts
     D:2: 464 daAuts
     D:9: 364 daAuts
    D:10: 67 daAuts
  Temple: 56 daAuts
  Lair:3: 37 daAuts
